 Dungeon Crawl Stone Soup version 0.24.0-123-gd5b16e6ec5 (webtiles) character file.

Game seed: 4349915949961393307, levelgen mode: deterministic

193 Bluestream the Chopper (level 5, -3/49 HPs)
             Began as a Deep Dwarf Fighter on Feb 2, 2020.
             Killed by nerve-wracking pain
             ... invoked by a shadow imp
             ... summoned by Eustachio
              (11 damage)
             ... on level 4 of the Dungeon.
             The game lasted 00:05:11 (1906 turns).

Bluestream the Chopper (Deep Dwarf Fighter)         Turns: 1906, Time: 00:05:11

Health: -3/49      AC:  8    Str: 20      XL:     5   Next: 43%
Magic:  5/5        EV:  7    Int:  9      God:
Gold:   114        SH:  9    Dex: 10 (12) Spells: 4/4 levels left

rFire    . . .     SeeInvis .   a - +0 war axe
rCold    . . .     Gourm    .   c - +0 shield
rNeg     . . .     Faith    .   b - +0 scale mail
rPois    +         Spirit   .   (no helmet)
rElec    .         Reflect  .   h - +0 cloak
rCorr    .         Harm     .   (no gloves)
MR       .....                  (no boots)
Stlth    ..........             (no amulet)
HPRegen  0.00/turn              s - ring of poison resistance
MPRegen  0.09/turn              (no ring)

@: non-regenerating
A: damage resistance, heal wounds, sense surroundings 1, no regeneration
a: Heal Wounds


You were on level 4 of the Dungeon.
You were hungry.

You visited 1 branch of the dungeon, and saw 4 of its levels.

You collected 114 gold pieces.

Inventory:

Hand Weapons
 a - a +0 war axe (weapon)
Armour
 b - a +0 scale mail (worn)
 c - a +0 shield (worn)
 h - a +0 cloak (worn)
Jewellery
 s - a ring of poison resistance (left hand)
Wands
 q - a wand of enslavement (3)
Scrolls
 e - a scroll of immolation {unknown}
 g - a scroll of teleportation {unknown}
 i - 2 scrolls of identify {unknown}
 k - a scroll of amnesia {unknown}
 n - 3 scrolls of magic mapping {unknown}
 r - a scroll of fear {unknown}
 t - 2 scrolls of remove curse
Potions
 d - a potion of might
 j - a potion of agility {unknown}
 l - a potion of curing {unknown}
 m - 2 potions of heal wounds {unknown}
 o - a potion of haste {unknown}
 p - 2 potions of resistance {unknown}
 u - a potion of ambrosia {unknown}
Comestibles
 f - 7 rations


   Skills:
 + Level 3.5 Fighting
 + Level 4.7 Axes
 - Level 4.0 Armour
 - Level 3.9 Shields


You had 4 spell levels left.
You didn't know any spells.
Your spell library was empty.

Dungeon Overview and Level Annotations

Branches:
Dungeon (4/15)
 Temple: D:4-7

Altars:
Yredelemnul

Annotations:
D:4 Eustachio


Innate Abilities, Weirdness & Mutations

You are resistant to damage.
You can heal yourself by infusing magical energy.
You passively map a small area around you.
You do not regenerate.


Message History

The puff of frost hits you!
* * * LOW HITPOINT WARNING * * *
You block the shadow imp's attack.
The ogre moves out of view.
Your shield and scale mail prevent you from hitting the shadow imp.
You barely miss the white imp. The bat barely misses you.
The white imp gestures at you.
The puff of frost hits you but does no damage.
The shadow imp barely misses you.
You hit the shadow imp.
The shadow imp is lightly wounded.
You hit the bat.
You kill the bat!
The bat's corpse disappears in a puff of smoke!
You barely miss the white imp. You block the white imp's attack.
The shadow imp barely misses you. The white imp gestures at you.
The puff of frost hits you but does no damage.
The shadow imp gestures at you. Pain shoots through your body!
You die... * * * ** * * * , , , * * * * * ,** #### * , , br#

..#####5#######
*
........5......
,)######@#######
#ยง.# #.## #. ,
, #. , .. * * *
.. #.., * * *


You could see a white imp, a shadow imp, a quokka and a bat.

Vanquished Creatures
  A bullfrog (D:3)
  A centaur zombie (D:2)
  4 adders (D:3)
  3 oozes (D:2)
  A ball python (D:1)
  2 giant cockroaches
  2 gnoll zombies (D:2)
  8 goblins
  9 hobgoblins
  7 bats
  6 frilled lizards
  5 kobolds
  5 rats
54 creatures vanquished.

Notes
Turn   | Place    | Note
-------+----------+-------------------------------------------
     0 | D:1      | Bluestream the Deep Dwarf Fighter began the quest for the
                  | Orb.
     0 | D:1      | Reached XP level 1. HP: 20/20 MP: 1/1
   322 | D:1      | Reached XP level 2. HP: 27/27 MP: 2/2
   686 | D:2      | Reached XP level 3. HP: 30/34 MP: 3/3
   804 | D:2      | Reached XP level 4. HP: 36/42 MP: 4/4
  1098 | D:2      | Found a basalt altar of Yredelemnul.
  1339 | D:3      | Noticed a bullfrog
  1347 | D:3      | Killed a bullfrog
  1347 | D:3      | Reached XP level 5. HP: 17/49 MP: 5/5
  1872 | D:4      | Noticed Eustachio
  1903 | D:4      | Noticed an ogre
  1906 | D:4      | Killed from afar by a shadow imp

Levels and vault maps discovered:
D:1:      minmay_arrival_up_and_down, layout_basic
D:2:      layout_basic, lemuel_zombie_altar_yredelemnul
D:3:      layout_loops_ring, first_ration, kennysheep_cross_bottleneck
D:4:      layout_loops_ring, uniq_eustachio

Skill      XL: |  1  2  3  4 |
---------------+-------------+-----
Fighting       | 3 |  3.5
Armour         | 4 |  4.0
Axes           | 3 4 |  4.7
Shields        | |  3.9

Action                   |  1- 3 |  4- 6 || total
-------------------------+-------+-------++-------
Melee: War axe           |    69 |   111 ||   180
 Abil: Heal Wounds       |       |     1 ||     1
  Use: Scroll            |       |     1 ||     1
  Eat: Chunk             |       |     3 ||     3
Armor: Scale mail        |    39 |    51 ||    90
Dodge: Dodged            |    26 |    46 ||    72
Block: Shield            |    36 |    68 ||   104
